 Dungeon Sprint DCSS version 0.30-a0-779-g7971cf19c3 (webtiles) character file.

Game seed: 4333306504184976416

1916 dialectric the Basher (level 9, -6/97 HPs)
             Began as a Gargoyle Fighter on Feb 17, 2023.
             Shot with a bolt by a yaktaur (26 damage)
             ... in the Dungeon (Sprint II: "The Violet Keep of Menkaure").
             The game lasted 00:03:37 (624 turns).

dialectric the Basher (Gargoyle Fighter)             Turns: 624, Time: 00:03:37

Health: -6/97      AC: 17    Str: 22    XL:     9   Next: 16%
Magic:  8/8        EV: 15    Int:  9    God:
Gold:   290        SH:  0    Dex: 11    Spells: 8/8 levels left

rFire   . . .      SeeInvis .    a - +0 flail
rCold   . . .      Faith    .    (no shield)
rNeg    + . .      Spirit   .    b - +0 scale mail
rPois   ∞          Reflect  .    (no helmet)
rElec   +          Harm     .    (no cloak)
rCorr   .          Rampage  .    l - +0 pair of gloves
Will    .....      NoTele   +    (no boots) Stlth
                                 (no amulet)
HPRegen 0.00/turn                d - +5 ring of evasion
MPRegen 0.11/turn                (no ring)

@: berserking, inhibited regen, unable to read, unable to drink, very quick
A: sickness immunity, AC +6, negative energy resistance 1, electricity
resistance, torment resistance 1, petrification resistance, low MP 1, inhibited
regeneration, inability to drink after injury 1, inability to read after injury
1
a: no special abilities


You were in the Dungeon.
You visited 1 branch You collected 956 gold pieces.
You spent 666 gold pieces at shops.

Inventory:

Hand Weapons
 a - a +0 flail (weapon)
Missiles
 s - 2 throwing nets (quivered)
Armour
 b - a +0 scale mail (worn)
 c - a +0 buckler
 l - a +0 pair of gloves (worn)
Jewellery
 d - a +5 ring of evasion (left hand)
 n - an amulet of the acrobat
 q - a +6 ring of dexterity
 t - a ring of ice
Scrolls
 i - 2 scrolls of amnesia {unknown}
 j - 2 scrolls of fear {unknown}
 k - 2 scrolls of immolation {unknown}
 m - 2 scrolls of identify {unknown}
 p - 2 scrolls of torment {unknown}
 v - a scroll of acquirement {unknown}
 w - a scroll of vulnerability {unknown}
 x - a scroll of summoning {unknown}
 y - a scroll of enchant weapon {unknown}
Potions
 e - 3 potions of curing
 g - a potion of haste
 h - 7 potions of magic
 o - 3 potions of resistance {unknown}
 r - 3 potions of flight {unknown}
 u - a potion of experience {unknown}
 A - a potion of cancellation {unknown}


   Skills:
 + Level 11.7 Fighting
 * Level 13.9 Maces & Flails
 + Level 11.6 Armour
 + Level 1.8 Dodging
 - Level 3.2 Shields


You had 8 spell levels left.
You didn't know any spells.
Your spell library contained the following spells:

 Spells                   Type           Power      Damage    Failure   Level
 Shock                    Conj/Air       0%         1d3       65%         1
 Swiftness                Air            0%         N/A       95%         3
 Airstrike                Air            0%         2d(0-16)  100%        4


Dungeon Overview and Level Annotations

Branches:
Dungeon (1/1)

Altars:
Cheibriados
Dithmenos
Elyvilon
Fedhas
Gozag
Hepliaklqana
Kikubaaqudgha
Makhleb
Nemelex Xobeh
Okawaru
Qazlal
Ru
Sif Muna
Trog
Uskayaw
Vehumet
Wu Jian
Xom
Yredelemnul
Zin
The Shining One
Jiyva
Lugonu

Shops:
D !=::!?[*(=[!=*[

Annotations:
D exclusions: obsidian statue, oklob plant and orange crystal statue


Innate Abilities, Weirdness & Mutations

You are immune to sickness and miasma.
Your stone body is resilient. (AC +6)
You are immune to poison.
You resist negative energy. (rN+)
You are resistant to electric shocks. (rElec)
You are resistant to unholy torment.
You are immune to petrification.
Your magical capacity is low. (-10% MP)
You do not regenerate when monsters are visible.
You occasionally lose the ability to drink potions when taking damage.
You occasionally lose the ability to read scrolls when taking damage.


Message History

You closely miss the hornet.
The hornet is lightly wounded.
The hornet stings you but does no damage.
You barely miss the hornet.
The hornet is lightly wounded.
You can read scrolls again.
The hornet closely misses you.
You miss the hornet.
The hornet is lightly wounded.
The hornet barely misses you.
You hit the hornet.
The hornet is moderately wounded.
The hornet stings you but does no damage.
You sock the hornet!
The hornet is heavily wounded.
You can drink potions again.
The hornet stings you but does no damage.
You sock the hornet!
The hornet is almost dead.
The hornet stings you but does no damage.
You feel much better. The hornet stings you!
* * * LOW HITPOINT WARNING * * *
You barely miss the hornet.
The hornet is almost dead.
The hornet stings you.
* * * LOW HITPOINT WARNING * * *
The hornet stings you but does no damage.
You barely miss the hornet.
The hornet is almost dead.
The hornet completely misses you.
A red film seems to cover your vision as you go berserk!
You feel yourself moving faster!
You feel mighty!
The hornet stings you but does no damage.
You sock the hornet!
You kill the hornet!
The yaktaur wields a +0 arbalest.
The yaktaur shoots a bolt.
The bolt hits you!!
You feel threatened and lose the ability to read scrolls!
You feel threatened and lose the ability to drink potions!
You die...

#########~~#+++#+++## ... #:
########~~~.........# .. #|
.......#~~~~.##'##..# #. #=
..⌠....#~~~~##...##.#### +.##.#)
.∩.∩...#~~~~#..#..# ...# ...###
∩...∩..#~~####.).####..#####..# $
.∩.∩.∩.#~##.###'###.##..#.÷'..# .
∩...∩.∩#~#...##.##...#..#..#..# .
.....∩.'~'##.'.<@'c##'..####..##.
......∩#~#...##.####.#....###...#
▓▓▓▓▓###~##.###+###.##......~~~~~
l{######~~### ##.####~~.....~#'##
l{#Z. ##~~~# ##.#~~~~~§~..~#.._
Pl+.)# #†#~# ##~~~~~§§~.~#._.
.$#?##§ #.#§§# #~~~§≈§§§~~÷#_._
..###§§ ####§§~ ~~~~~~≈§≈≈~~~#._.
§''#'''#~≈≈≈§§≈≈~#_._


You could see a yaktaur.

Vanquished Creatures
  A merfolk siren (D)
  A polar bear (D)
  A hornet (D)
  3 neqoxecs (D)
  2 wyverns (D)
  Menkaure (D)
  3 water moccasins (D)
  4 necrophages (D)
  A scorpion (D)
  3 worms (D)
20 creatures vanquished.

Vanquished Creatures (others)
  A neqoxec (D)
  A water moccasin (D)
  12 tentacles (D)
14 creatures vanquished.

Grand Total: 34 creatures vanquished

Notes
Turn   | Place    | Note
-------+----------+-------------------------------------------
     0 | D        | dialectric the Gargoyle Fighter began the quest for the
                  | Orb.
     0 | D        | Reached XP level 1. HP: 14/14 MP: 1/1
     8 | D        | Noticed a necrophage
     8 | D        | Noticed a necrophage
     8 | D        | Noticed a necrophage
     8 | D        | Noticed a necrophage
    13 | D        | Killed a necrophage
    14 | D        | Reached skill level 4 in Maces & Flails
    14 | D        | Reached skill level 5 in Armour
    14 | D        | Reached XP level 2. HP: 20/22 MP: 2/2
    14 | D        | Reached XP level 3. HP: 25/27 MP: 3/3
    14 | D        | Reached XP level 4. HP: 30/32 MP: 4/4
    19 | D        | Killed a necrophage
    20 | D        | Reached skill level 5 in Maces & Flails
    20 | D        | Reached XP level 5. HP: 37/38 MP: 5/5
    22 | D        | Reached skill level 6 in Maces & Flails
    35 | D        | Reached skill level 7 in Maces & Flails
    35 | D        | Reached XP level 6. HP: 27/44 MP: 6/6
    36 | D        | Noticed a merfolk siren
    45 | D        | Killed a merfolk siren
    46 | D        | Reached skill level 9 in Maces & Flails
    46 | D        | Reached skill level 10 in Armour
    46 | D        | Reached XP level 7. HP: 33/52 MP: 7/7
    49 | D        | Noticed a neqoxec
    49 | D        | Gained mutation: Your magical capacity is low. (-10% MP) [a
                  | neqoxec]
    52 | D        | Noticed a neqoxec
    52 | D        | Gained mutation: You occasionally lose the ability to read
                  | scrolls when taking damage. [a neqoxec]
    56 | D        | Killed a neqoxec
    57 | D        | Reached skill level 10 in Fighting
    57 | D        | Reached skill level 10 in Maces & Flails
    59 | D        | Gained mutation: You occasionally lose the ability to drink
                  | potions when taking damage. [a neqoxec]
    62 | D        | Gained mutation: You do not regenerate when monsters are
                  | visible. [a neqoxec]
    64 | D        | Killed a neqoxec
    78 | D        | Reached skill level 11 in Maces & Flails
    78 | D        | Killed a neqoxec
   110 | D        | Noticed an obsidian statue
   112 | D        | Noticed Menkaure
   120 | D        | Killed Menkaure
   121 | D        | Reached XP level 8. HP: 10/59 MP: 7/7
   132 | D        | Found Oxtuopp's Armour Shop.
   133 | D        | Found Hepte's Assorted Antiques.
   133 | D        | Found Miost's Antique Armour Shop.
   133 | D        | Found Awiehiq's Distillery.
   133 | D        | Found Xuso Ischywn's Antique Weapon Boutique.
   133 | D        | Found Emyath's Jewellery Boutique.
   133 | D        | Found Xosif's General Store.
   134 | D        | Found Tinosysedi's Jewellery Boutique.
   134 | D        | Found Gieshro's Antique Armour Shop.
   134 | D        | Found Hozush's Magic Scroll Boutique.
   136 | D        | Found Xejeph's Distillery.
   136 | D        | Found Atrel's Book Boutique.
   136 | D        | Noticed an oklob plant
   137 | D        | Found Zybis's Jewellery Shop.
   137 | D        | Found Mutorr's Distillery.
   137 | D        | Found Peer's Book Shoppe.
   288 | D        | Noticed a wyvern
   288 | D        | Noticed a wyvern
   288 | D        | Noticed a wyvern
   301 | D        | Bought a +5 ring of evasion for 396 gold pieces
   304 | D        | Bought a potion of invisibility for 96 gold pieces
   304 | D        | Bought 2 potions of heal wounds for 120 gold pieces
   317 | D        | Bought a +0 pair of gloves for 54 gold pieces
   327 | D        | Noticed an orange crystal statue
   360 | D        | Found a stormy altar of Qazlal.
   361 | D        | Found a hazy altar of Hepliaklqana.
   361 | D        | Found a sacrificial altar of Ru.
   361 | D        | Found an ornate altar of the Wu Jian Council.
   362 | D        | Found a viscous altar of Jiyva.
   362 | D        | Found a shimmering blue altar of Sif Muna.
   363 | D        | Found a snail-covered altar of Cheibriados.
   363 | D        | Found an ancient bone altar of Kikubaaqudgha.
   363 | D        | Found a shimmering altar of Xom.
   363 | D        | Found a bloodstained altar of Trog.
   364 | D        | Found a shadowy altar of Dithmenos.
   364 | D        | Found a corrupted altar of Lugonu.
   365 | D        | Found a white marble altar of Elyvilon.
   365 | D        | Found a burning altar of Makhleb.
   366 | D        | Found a blossoming altar of Fedhas.
   370 | D        | Noticed a wyvern
   370 | D        | Noticed a wyvern
   380 | D        | Killed a wyvern
   389 | D        | Killed a wyvern
   390 | D        | Reached skill level 12 in Maces & Flails
   390 | D        | Reached skill level 1 in Dodging
   404 | D        | Found an opulent altar of Gozag.
   431 | D        | Reached skill level 13 in Maces & Flails
   451 | D        | Reached XP level 9. HP: 58/64 MP: 8/8
   452 | D        | Noticed a kraken
   454 | D        | Found a sparkling altar of Nemelex Xobeh.
   454 | D        | Found a hide-covered altar of Uskayaw.
   454 | D        | Found a basalt altar of Yredelemnul.
   455 | D        | Found an iron altar of Okawaru.
   455 | D        | Found a radiant altar of Vehumet.
   455 | D        | Found a glowing silver altar of Zin.
   592 | D        | Noticed a yaktaur
   592 | D        | Noticed a hornet
   592 | D        | Noticed a polar bear
   593 | D        | Found a glowing golden altar of the Shining One.
   612 | D        | Killed a polar bear
   624 | D        | Killed a hornet
   624 | D        | Shot with a bolt by a yaktaur

Illustrated notes

Levels and vault maps discovered:
D:        the_violet_keep_of_menkaure [sprint2_stairs_cluster_1,
          sprint2_shoproom, sprint2_temple, sprint2_basic_supplies,
          sprint2_obstacle_4, sprint2_obstacle_7, sprint2_obstacle_3,
          sprint2_obstacle_5, sprint2_obstacle_1, sprint2_timed_cluster_1,
          sprint2_smallroom_cluster_1, sprint2_smallroom_final_cluster_1,
          sprint2_transparent_cluster_1, sprint2_second_timed_cluster_1,
          sprint2_sniper_area_1, sprint2_heavy_combat_area_1,
          sprint2_mutation_trap_area_1, sprint2_forest_area_1,
          sprint2_light_combat_area_1, sprint2_behind_water_1,
          sprint2_near_end_vault_1]

Skill      XL: |  1  2  3  4  5  6  7  8 |
---------------+-------------------------+-----
Fighting       | 6 7 8 9 10 11 | 11.7
Maces & Flails | 4 5 7 9 11 13 | 13.9
Armour         | 5 7 8 10 11 | 11.6
Dodging        | 1 |  1.8
Shields        | |  3.2

Action                     |  1- 3 |  4- 6 |  7- 9 || total
---------------------------+-------+-------+-------++-------
  Melee: Flail             |     4 |    29 |   115 ||   148
    Use: Potion            |     1 |       |     6 ||     7
         Scroll            |       |       |     1 ||     1
 Armour: Scale mail        |     2 |     7 |    55 ||    64
  Dodge: Dodged            |     1 |     8 |    64 ||    73

Table legend: (Time is in decaauts)
 A = Elapsed time spent in this place.
 B = Non-inter-level travel time spent in this place.
 C = Inter-level travel time spent in this place.
 D = Time resting spent in this place.
 E = Time spent auto-exploring this place.
 F = Levels seen in this place.
 G = Mean time per level.
                   A        B        C        D        E       F      G
               +--------+--------+--------+--------+--------+-----+--------+
         Total |    641 |    641 |      0 |      0 |    213 |   1 |  641.0 |
       Dungeon |    641 |    641 |      0 |      0 |    213 |   1 |  641.0 |
               +--------+--------+--------+--------+--------+-----+--------+

Top non-repeatable levels by time:
       D: 641 daAuts
